 Dungeon Crawl Stone Soup version 0.27-a0-789-g6bb3289e1e (webtiles) character file.

Game seed: 11679597770545155567

37 midi the Grave Robber (level 3, -9/28 HPs)
             Began as a Deep Dwarf Necromancer on Mar 26, 2021.
             Mangled by Crazy Yiuf
             ... wielding a +3 quarterstaff of chaos
              (16 damage)
             ... on level 2 of the Dungeon.
             The game lasted 00:06:11 (1688 turns).

midi the Grave Robber (Deep Dwarf Necromancer)      Turns: 1688, Time: 00:06:13

Health: -9/28      AC:  2    Str: 11    XL:     3   Next: 23%
Magic:  0/6        EV: 12    Int: 16    God:
Gold:   22         SH:  0    Dex: 13    Spells: 1/6 levels left

rFire    . . .     SeeInvis .   k - +1 mace (holy)
rCold    . . .     Faith    .   (no shield)
rNeg     . . .     Spirit   .   a - +0 robe
rPois    .         Reflect  .   (no helmet)
rElec    .         Harm     .   (no cloak)
rCorr    .         Rampage  .   (no gloves)
Will     .....                  (no boots)
Stlth    ++........             (no amulet)
HPRegen  0.00/turn              (no ring)
MPRegen  0.10/turn              (no ring)

@: non-regenerating
A: damage resistance, heal wounds, sense surroundings 1, no regeneration
a: Heal Wounds


You were on level 2 of the Dungeon.
You visited 1 branch of the dungeon, and saw 2 of its levels.

You collected 22 gold pieces.

Inventory:

Hand Weapons
 d - a +0 hand axe
 k - a +1 mace of holy wrath (weapon)
Armour
 a - a +0 robe (worn)
Scrolls
 b - a scroll of teleportation {unknown}
 e - a scroll of magic mapping {unknown}
 f - a scroll of identify {unknown}
 h - a scroll of enchant armour {unknown}
 i - a scroll of fog {unknown}
Potions
 c - 2 potions of mutation {unknown}
 g - a potion of resistance {unknown}
 j - a potion of magic {unknown}


   Skills:
 + Level 2.3 Dodging
 + Level 2.5 Stealth
 + Level 0.1 Unarmed Combat
 + Level 2.4 Spellcasting
 + Level 5.0 Necromancy


You had one spell level left.
You knew the following spells:

 Your Spells              Type           Power      Damage    Failure   Level
a - Pain                  Necr           68%        1d7       2%          1
b - Animate Skeleton      Necr           34%        N/A       2%          1
c - Vampiric Draining     Necr           8%         2d7       8%          3

Your spell library contained the following spells:

 Spells                   Type           Power      Damage    Failure   Level
 Animate Dead             Necr           8%         N/A       26%         4
 Agony                    Necr           17%        N/A       56%         5


Dungeon Overview and Level Annotations

Branches:
Dungeon (2/15)

Altars:

Annotations:
D:2 Crazy Yiuf


Innate Abilities, Weirdness & Mutations

You are resistant to damage.
You can heal yourself by infusing magical energy.
You passively map a small area around you.
You do not regenerate.


Message History

Found a mace and a glowing mace.
You see here a +0 mace.
Found six maces and a glowing mace.
Found a runed translucent door.
You see here a +1 mace of holy wrath.
k - a +1 mace of holy wrath Your +1 mace of holy wrath softly glows with a divine radiance!
k - a +1 mace of holy wrath (weapon)
Crazy Yiuf shouts!
Found a mace.
You see here a +0 mace.
You see here a +0 mace.
Found three maces.
You see here a +0 mace.
You open the door. You completely miss Crazy Yiuf.
Crazy Yiuf closely misses you.
Crazy Yiuf twirls on the spot.
Crazy Yiuf misses you.
Casting: Animate Skeleton (safe; 2% risk of failure)
Confirm with . or Enter, or press ? or * to list all spells.
The spell is quite dangerous to cast (8% risk of failure)!
Continue anyway?
Aiming: Vampiric Draining (quite dangerous; 8% risk of failure)
Press: ? - help, Shift-Dir - straight line, f - Crazy Yiuf
Aim: Crazy Yiuf, wielding a +3 quarterstaff of chaos and wearing a +0 cloak You draw life force from Crazy Yiuf!
You feel life coursing into your body.
Crazy Yiuf hits you with a +3 quarterstaff of chaos!
* * * LOW HITPOINT WARNING * * *
Casting: Vampiric Draining (quite dangerous; 8% risk of failure)
Confirm with . or Enter, or press ? or * to list all spells.
The spell is quite dangerous to cast (8% risk of failure)!
Continue anyway?
Okay, then.
Casting: Vampiric Draining (quite dangerous; 8% risk of failure)
Confirm with . or Enter, or press ? or * to list all spells.
The spell is quite dangerous to cast (8% risk of failure)!
Continue anyway?
Aiming: Vampiric Draining (quite dangerous; 8% risk of failure)
Press: ? - help, Shift-Dir - straight line, f/p - Crazy Yiuf
Aim: Crazy Yiuf, wielding a +3 quarterstaff of chaos and wearing a +0 cloak (moderately wounded)
You draw life force from Crazy Yiuf!
You feel life coursing into your body.
Crazy Yiuf hits you with a +3 quarterstaff of chaos!!
Ouch! That really hurt!
You die...

##....#######
,, , #+..+#
♣....♣ ♣)..♣♣
* * ♣♣)♣♣ *
♣.♣♣ * , ♣♣)♣
* , ♣)♣♣ , ,
♣♣@♣ * , *#g#
*))) #)))#
#).)# ##### ,
* * * * * * *
,


You could see Crazy Yiuf.

Vanquished Creatures
  A gnoll (D:2)
  A dart slug (D:1)
  6 bats (D:1)
  2 endoplasms (D:1)
  A goblin (D:1)
  2 hobgoblins (D:1)
  3 jackals (D:1)
  2 quokkas (D:1)
  A ball python (D:1)
  A frilled lizard (D:2)
  A kobold (D:1)
  2 rats (D:1)
23 creatures vanquished.

Vanquished Creatures (collateral kills)
  A hobgoblin (D:2)
1 creature vanquished.

Grand Total: 24 creatures vanquished

Notes
Turn   | Place    | Note
-------+----------+-------------------------------------------
     0 | D:1      | midi the Deep Dwarf Necromancer began the quest for the
                  | Orb.
     0 | D:1      | Reached XP level 1. HP: 15/15 MP: 3/3
    15 | D:1      | Learned a level 1 spell: Animate Skeleton
   264 | D:1      | Reached XP level 2. HP: 13/22 MP: 1/4
  1532 | D:2      | Reached XP level 3. HP: 12/28 MP: 0/6
  1538 | D:2      | Learned a level 3 spell: Vampiric Draining
  1617 | D:2      | Reached skill level 5 in Necromancy
  1679 | D:2      | Found a runed translucent door.
  1682 | D:2      | Noticed Crazy Yiuf
  1688 | D:2      | Mangled by Crazy Yiuf

Illustrated notes

Levels and vault maps discovered:
D:1:      amcnicky_arrival_gap_in_the_tavern_cellar, layout_basic
D:2:      layout_loops_ring, gammafunk_temple_overflow_forgotten,
          uniq_crazy_yiuf_cottage, uniq_sigmund

Skill      XL: |  1  2  3 |
---------------+----------+-----
Spellcasting   | 2 |  2.4
Necromancy     | 5 |  5.0
Dodging        | |  2.3
Stealth        | |  2.5
Unarmed Combat | |  0.1

Action                   || total
-------------------------++-------
Melee: Unarmed           ||     5
       Mace              ||     1
       Hand axe          ||     1
 Cast: Pain              ||    40
       Animate Skeleton  ||    15
       Vampiric Draining ||     3
 Abil: Heal Wounds       ||     1
Armor: Robe              ||     3
Dodge: Dodged            ||    17

Table legend: (Time is in decaauts)
 A = Elapsed time spent in this place.
 B = Non-inter-level travel time spent in this place.
 C = Inter-level travel time spent in this place.
 D = Time resting spent in this place.
 E = Time spent auto-exploring this place.
 F = Levels seen in this place.
 G = Mean time per level.
                   A        B        C        D        E       F      G
               +--------+--------+--------+--------+--------+-----+--------+
         Total |   1687 |   1674 |     13 |    130 |   1213 |   2 |  843.5 |
       Dungeon |   1687 |   1674 |     13 |    130 |   1213 |   2 |  843.5 |
               +--------+--------+--------+--------+--------+-----+--------+

Top non-repeatable levels by time:
     D:1: 1455 daAuts
     D:2: 232 daAuts
